 Dungeon Crawl Stone Soup version 0.29.1 (webtiles) character file.

Game seed: 6634045960927620470

38381 Iusername the Tortoise (level 13, -12/125 HPs)
             Began as a Minotaur Fighter on Sept 13, 2022.
             Was a High Priest of Dithmenos.
             Mangled by a komodo dragon (14 damage)
             ... on level 5 of the Lair of Beasts.
             The game lasted 00:55:53 (26207 turns).

Iusername the Tortoise (Minotaur Fighter)          Turns: 26207, Time: 00:55:53

Health: -12/125    AC: 32    Str: 25    XL:     13   Next: 63%
Magic:  12/12      EV:  9    Int:  7    God:    Dithmenos [*****.]
Gold:   840        SH:  6    Dex: 11    Spells: 12/12 levels left

rFire   . . .      SeeInvis .   k - +10 spear of Dissent {vorpal, rElec Str+2}
rCold   . . .      Faith    .   c - +0 buckler
rNeg    . . .      Spirit   .   i - +3 plate armour
rPois   .          Reflect  .   a - +2 hat
rElec   +          Harm     .   u - +0 cloak
rCorr   .          Rampage  .   (no gloves)
Will    .....      Clarity  +   T - +1 pair of boots
Stlth   ..........              A - amulet of the acrobat
HPRegen 0.30/turn               N - ring of flight
MPRegen 0.13/turn               K - +4 ring of protection

@: flying, wreathed by umbra
A: horns 2, retaliatory headbutt, clarity
a: Renounce Religion, Shadow Step, Shadow Form


You were on level 5 of the Lair of Beasts.
You worshipped Dithmenos.
Dithmenos was extremely pleased with you.
You visited 3 branches of the dungeon, and saw 16 of its levels.
You also visited: Sewer.

You collected 840 gold pieces.

Inventory:

Hand Weapons
 k - the +10 spear of Dissent (weapon) {vorpal, rElec Str+2}
   (You found it on level 2 of the Dungeon)

   It inflicts extra damage upon your enemies.
   Str:       It affects your strength (+2).
   rElec:     It insulates you from electricity.
Missiles
 f - 4 throwing nets (quivered)
 G - 9 javelins
Armour
 a - a +2 hat (worn)
 c - a +0 buckler (worn)
 i - a +3 plate armour (worn)
 u - a +0 cloak (worn)
 T - a +1 pair of boots (worn)
Jewellery
 A - an amulet of the acrobat (around neck)
 K - a +4 ring of protection (right hand)
 N - a ring of flight (left hand)
Wands
 d - a wand of quicksilver (11)
 p - a wand of polymorph (8)
 M - a wand of paralysis (6)
 P - a wand of roots (6)
 Q - a wand of flame (10)
 S - a wand of digging (4)
Scrolls
 b - 3 scrolls of magic mapping
 g - 8 scrolls of teleportation
 j - 4 scrolls of vulnerability
 m - 3 scrolls of butterflies
 n - 4 scrolls of brand weapon
 w - a scroll of enchant armour
 y - 3 scrolls of fear
 B - 2 scrolls of noise
 D - 4 scrolls of blinking
 E - 3 scrolls of enchant weapon
 F - a scroll of amnesia
 I - 5 scrolls of immolation
 J - 2 scrolls of torment
Potions
 e - 9 potions of brilliance
 l - 2 potions of ambrosia
 o - 4 potions of lignification
 q - a potion of magic {unknown}
 s - 2 potions of degeneration {unknown}
 t - a potion of invisibility {unknown}
 v - 2 potions of resistance
 x - 3 potions of attraction
 z - a potion of cancellation
 C - a potion of berserk rage {unknown}
 H - 2 potions of haste {unknown}
 L - a potion of flight {unknown}


   Skills:
 + Level 14.8 Fighting
 + Level 4.2 Long Blades
 - Level 10.0 Polearms
 + Level 1.2 Throwing
 + Level 18.4 Armour
 + Level 5.1 Dodging
 + Level 3.5 Stealth
 - Level 10.0 Shields
 + Level 0.6 Unarmed Combat
 + Level 1.4 Evocations


You had 12 spell levels left.
You didn't know any spells.
Your spell library contained the following spells:

 Spells                   Type           Power      Damage    Failure   Level
 Necrotise                Necr           0%         1d4       97%         1
 Slow                     Hex            0%         N/A       97%         1
 Confusing Touch          Hex            0%         N/A       100%        3
 Gell's Gravitas          Tloc           0%         N/A       100%        3
 Lesser Beckoning         Tloc           0%         N/A       100%        3
 Teleport Other           Tloc           0%         N/A       100%        3
 Tukima's Dance           Hex            0%         N/A       100%        3
 Vampiric Draining        Necr           0%         2d6       100%        3
 Animate Armour           Summ/Erth      0%         N/A       100%        4
 Passage of Golubria      Tloc           0%         N/A       100%        4
 Agony                    Necr           0%         N/A       100%        5
 Blade Hands              Tmut           0%         N/A       100%        5
 Fireball                 Conj/Fire      0%         3d3       100%        5
 Yara's Violent Unravell  Hex/Tmut       0%         3d3       100%        5
 Conjure Ball Lightning   Conj/Air       0%         3x3d6     100%        6
 Iron Shot                Conj/Erth      0%         9d1       100%        6
 Starburst                Conj/Fire      0%         6d3       100%        6
 Discord                  Hex            0%         N/A       100%        8
 Disjunction              Tloc           0%         N/A       100%        8
 Ignition                 Fire           0%         3d3       100%        8


Dungeon Overview and Level Annotations

Branches:
Dungeon (10/15)            Temple (1/1) D:6            Lair (5/5) D:10
  Swamp (0/4) Lair:2        Snake (0/4) Lair:3        Sewer (visited)
  Slime: Lair:4-5       Orc: D:9-12

Altars:
Ashenzari
Cheibriados
Dithmenos
Elyvilon
Fedhas
Gozag
Hepliaklqana
Kikubaaqudgha
Makhleb
Nemelex Xobeh
Okawaru
Qazlal
Ru
Sif Muna
Trog
Uskayaw
Vehumet
Wu Jian
Xom
Yredelemnul
Zin
The Shining One

Shops:
D:4 (   D:7 [   D:10 *

Annotations:
D:4 2 transporters, hgbash's ghost, amateur GrEE
D:6 3 runed translucent doors, Lremus's ghost, novice HOFi
D:9 3 runed translucent doors, CertainDeath's ghost, novice MiGl
Lair:3 exclusion: oklob plant
Lair:4 Josephine


Innate Abilities, Weirdness & Mutations

You have a pair of horns on your head.
You reflexively headbutt those who attack you in melee.
You possess an exceptional clarity of mind.


Message History

The komodo dragon bites you but does no damage.
The yak gores you.
* * * LOW HITPOINT WARNING * * *
The yak gores you but does no damage.
You puncture the komodo dragon! You headbutt the komodo dragon.
The komodo dragon is almost dead.
The komodo dragon misses you. You furiously retaliate!
You headbutt the komodo dragon, but do no damage.
You hit the komodo dragon. You headbutt the komodo dragon.
The komodo dragon is almost dead.
You block the komodo dragon's attack. The yak gores you!
* * * LOW HITPOINT WARNING * * *
The yak gores you but does no damage.
You feel better.
The komodo dragon bites you but does no damage.
You block the komodo dragon's attack. You block the yak's attack.
The yak gores you but does no damage.
You puncture the komodo dragon!
You kill the komodo dragon!
Dithmenos accepts your kill. The komodo dragon bites you!
* * * LOW HITPOINT WARNING * * *
You feel better. The yak misses you. You block the yak's attack.
The komodo dragon bites you but does no damage.
You hit the komodo dragon.
The komodo dragon is moderately wounded.
Your shadow barely misses the komodo dragon.
The yak gores you but does no damage. You block the yak's attack.
The komodo dragon bites you!
* * * LOW HITPOINT WARNING * * *
You hit the komodo dragon.
You headbutt the komodo dragon, but do no damage.
The komodo dragon is heavily wounded.
Your shadow hits the komodo dragon with a spear.
The yak gores you but does no damage. The yak gores you.
* * * LOW HITPOINT WARNING * * *
You hit the komodo dragon.
The komodo dragon is severely wounded.
The komodo dragon bites you!
You die...

#.........##~
#........~~~~
##.........~~.
#.........~~#~
#.........~~.
##.........~~~
#...<†.....~~~
#.YlY.....~##
#.÷@..†...~#
#..........~~.
#.........~.~P
#.........~##~
#..........~#
#..........~.~.
##.............
#............Y


You could see a komodo dragon and 2 yaks.

Vanquished Creatures
  Harold (D:9)
  4 hydras
  2 two-headed ogres
  3 death yaks (Lair:4)
  A sea snake (Lair:5)
  2 bog bodies (Lair:2)
  A wizard (D:9)
  An ugly thing (D:8)
  2 manticores
  16 elephants
  Joseph (Lair:1)
  Maggie (Lair:2)
  6 cane toads
  A gargoyle (D:10)
  An unseen horror (D:10)
  7 komodo dragons
  Psyche (D:8)
  3 rime drakes
  2 trolls
  A queen bee (D:10)
  Prince Ribbit (Lair:2)
  Grinder (D:4)
  A hornet (Lair:5)
  11 blink frogs
  A vampire (D:10)
  A basilisk (Lair:1)
  A wraith (D:7)
  2 steam dragons
  A wyvern (Lair:5)
  41 yaks
  Menkaure (D:4)
  4 nagas (Lair:3)
  A swamp worm (Lair:2)
  2 acid dragons
  10 water moccasins
  2 orc warriors
  8 black bears
  2 ice beasts
  2 ogres
  3 wolves (Lair:1)
  3 centaurs
  2 phantoms (D:6)
  4 kobold brigands
  4 necrophages
  4 gnoll sergeants
  19 bullfrogs
  A scorpion (D:7)
  2 wights (D:7)
  17 killer bees
  7 howler monkeys
  3 electric eels (Lair:2)
  A lava snake (D:7)
  2 gnoll boudas (D:7)
  3 hounds
  Crazy Yiuf (D:4)
  2 orc priests (D:10)
  2 iguanas
  Jessica (D:3)
  Terence (D:3)
  11 orc wizards
  Ijyb (D:3)
  6 hell rats
  9 gnolls
  5 river rats
  9 adders
  2 white imps (D:7)
  A worm (D:2)
  5 dart slugs
  37 orcs
  5 bats
  6 endoplasms
  7 giant cockroaches
  3 goblins
  7 hobgoblins
  4 jackals (D:1)
  3 quokkas
  20 ball pythons
  5 frilled lizards
  16 kobolds
  35 rats
429 creatures vanquished.

Vanquished Creatures (others)
  An orc wizard (D:10)
  25 fungi
  38 plants
  A withered plant (D:1)
65 creatures vanquished.

Grand Total: 494 creatures vanquished

Notes
Turn   | Place    | Note
-------+----------+-------------------------------------------
     0 | D:1      | Iusername the Minotaur Fighter began the quest for the Orb.
     0 | D:1      | Reached XP level 1. HP: 19/19 MP: 0/0
    47 | D:1      | Reached XP level 2. HP: 9/27 MP: 1/1
   577 | D:1      | Found a faded altar of an unknown god.
   685 | D:1      | Reached skill level 4 in Armour
  1430 | D:2      | Reached XP level 3. HP: 31/33 MP: 2/2
  1503 | D:2      | Identified the +10 spear of Dissent {vorpal, rElec Str+2}
  1755 | D:2      | Reached skill level 1 in Dodging
  2111 | D:3      | Noticed Ijyb
  2133 | D:3      | Killed Ijyb
  2134 | D:3      | Reached XP level 4. HP: 37/40 MP: 3/3
  2233 | D:3      | Found a white marble altar of Elyvilon.
  2390 | D:3      | Found a radiant altar of Vehumet.
  2730 | D:3      | Found a hide-covered altar of Uskayaw.
  2730 | D:3      | Found a blossoming altar of Fedhas.
  2739 | D:3      | Noticed Terence
  2739 | D:3      | Noticed Jessica
  2746 | D:3      | Killed Terence
  2750 | D:3      | Killed Jessica
  2751 | D:3      | Reached skill level 1 in Polearms
  2751 | D:3      | Reached XP level 5. HP: 25/47 MP: 4/4
  3340 | D:4      | Reached skill level 5 in Armour
  3651 | D:4      | Noticed Grinder
  3651 | D:4      | Paralysed by Grinder for 4 turns
  3657 | D:4      | Paralysed by Grinder for 3 turns
  3668 | D:4      | Paralysed by Grinder for 5 turns
  3683 | D:4      | Killed Grinder
  3684 | D:4      | Reached XP level 6. HP: 53/53 MP: 5/5
  3737 | D:4      | Found a runed translucent door.
  3738 | D:4      | Noticed Crazy Yiuf
  3743 | D:4      | Killed Crazy Yiuf
  3774 | D:4      | Found a transporter.
  3777 | D:4      | Found a transporter.
  3778 | D:4      | Noticed hgbash's ghost (amateur GrEE)
  3865 | D:4      | Found a glowing drain.
  3882 | D:4      | Noticed Menkaure
  3885 | Sewer    | Entered a sewer
  3979 | Sewer    | Reached XP level 7. HP: 51/60 MP: 6/6
  4081 | Sewer    | Reached skill level 5 in Polearms
  4170 | Sewer    | Reached skill level 5 in Fighting
  4173 | Sewer    | Reached skill level 6 in Armour
  4696 | D:4      | Killed Menkaure
  4773 | D:4      | Identified the +7 spear "Ufolumarch" {vorpal, rElec rC+++
                  | Will+ Int-4}
  4806 | D:4      | Found Moeh's Antique Weapon Shop.
  5111 | D:5      | Entered Level 5 of the Dungeon
  5163 | D:5      | Reached XP level 8. HP: 70/70 MP: 7/7
  5310 | D:5      | Reached skill level 7 in Armour
  6184 | D:6      | Found a staircase to the Ecumenical Temple.
  6197 | Temple   | Entered the Ecumenical Temple
  6273 | Temple   | Became a worshipper of Dithmenos the Shadowed
  6516 | D:6      | Reached skill level 5 in Shields
  6762 | D:6      | Reached skill level 8 in Armour
  6769 | D:6      | Found a runed translucent gate.
  6769 | D:6      | Found a runed translucent gate.
  6769 | D:6      | Found a runed translucent gate.
  6770 | D:6      | Noticed Lremus's ghost (novice HOFi)
  6771 | D:6      | Noticed a kobold demonologist
  7092 | D:7      | Reached XP level 9. HP: 78/78 MP: 8/8
  7153 | D:7      | Reached * piety under Dithmenos
  7880 | D:7      | Found Xidergh's Armour Emporium.
  8269 | D:7      | Reached skill level 9 in Armour
  8770 | D:7      | Reached skill level 1 in Stealth
  8864 | D:7      | Reached skill level 10 in Polearms
  9428 | D:7      | Reached skill level 10 in Armour
  9428 | D:7      | Reached XP level 10. HP: 87/88 MP: 9/9
  9439 | D:7      | Reached ** piety under Dithmenos
  9827 | D:8      | Noticed a brown ugly thing
  9838 | D:8      | Killed a brown ugly thing
  9858 | D:8      | Noticed Psyche
  9868 | D:8      | Killed Psyche
  9869 | D:8      | Reached skill level 11 in Armour
  9882 | D:8      | Reached skill level 1 in Evocations
  9885 | D:8      | Noticed a manticore
  9898 | D:8      | Killed a manticore
 11551 | D:9      | Identified the +10 mace "Ecudout" {freeze, rN+ Will+ Dex+4}
 11697 | D:9      | Noticed a two-headed ogre
 11709 | D:9      | Killed a two-headed ogre
 11710 | D:9      | Reached skill level 12 in Armour
 12114 | D:9      | Noticed Harold
 12129 | D:9      | Killed Harold
 12130 | D:9      | Reached XP level 11. HP: 77/97 MP: 10/10
 13166 | D:9      | Found a runed translucent gate.
 13166 | D:9      | Found a runed translucent gate.
 13166 | D:9      | Found a runed translucent gate.
 13176 | D:9      | Noticed CertainDeath's ghost (novice MiGl)
 13363 | D:9      | Noticed a wizard
 13372 | D:9      | Killed a wizard
 13580 | D:10     | Entered Level 10 of the Dungeon
 13583 | D:10     | Noticed a two-headed ogre
 13594 | D:10     | Killed a two-headed ogre
 13665 | D:10     | Reached *** piety under Dithmenos
 13703 | D:10     | Reached skill level 13 in Armour
 14374 | D:10     | Found a staircase to the Lair.
 14427 | Lair:1   | Entered Level 1 of the Lair of Beasts
 15185 | D:10     | Reached skill level 10 in Fighting
 15836 | D:10     | Found Ihomou's General Store.
 16177 | Lair:1   | Noticed a six-headed hydra
 16188 | Lair:1   | Killed a six-headed hydra
 16189 | Lair:1   | Reached skill level 1 in Throwing
 16189 | Lair:1   | Reached skill level 14 in Armour
 16693 | Lair:1   | Reached **** piety under Dithmenos
 17075 | Lair:1   | Noticed an eight-headed hydra
 17092 | Lair:1   | Killed an eight-headed hydra
 17114 | Lair:1   | Reached XP level 12. HP: 87/110 MP: 11/11
 17609 | Lair:1   | Reached skill level 10 in Shields
 17794 | Lair:1   | Noticed Joseph
 17800 | Lair:1   | Reached skill level 15 in Armour
 17815 | Lair:1   | Killed Joseph
 18660 | Lair:2   | Noticed an eight-headed hydra
 19490 | Lair:1   | Killed an eight-headed hydra
 20193 | Lair:1   | Reached skill level 16 in Armour
 21903 | Lair:2   | Noticed Maggie
 21915 | Lair:2   | Killed Maggie
 22371 | Lair:2   | Found a staircase to the Swamp.
 22528 | Lair:2   | Reached ***** piety under Dithmenos
 22535 | Lair:2   | Reached XP level 13. HP: 110/122 MP: 12/12
 23094 | Lair:2   | Reached skill level 17 in Armour
 23136 | Lair:2   | Noticed Prince Ribbit
 23147 | Lair:2   | Killed Prince Ribbit
 23697 | Lair:3   | Found a staircase to the Snake Pit.
 25040 | Lair:3   | Reached skill level 5 in Dodging
 25799 | Lair:3   | Gained mutation: You are somewhat resistant to further
                  | mutation. [potion of mutation]
 25799 | Lair:3   | Gained mutation: You have an increased reservoir of magic.
                  | (+10% MP) [potion of mutation]
 25800 | Lair:3   | Lost mutation: You are somewhat resistant to further
                  | mutation. [potion of mutation]
 25800 | Lair:3   | Lost mutation: You have an increased reservoir of magic.
                  | (+10% MP) [potion of mutation]
 25800 | Lair:3   | Gained mutation: You possess an exceptional clarity of
                  | mind. [potion of mutation]
 25892 | Lair:4   | Reached skill level 18 in Armour
 25907 | Lair:4   | Noticed Josephine
 25912 | Lair:5   | Entered Level 5 of the Lair of Beasts
 26201 | Lair:5   | HP: 5/125 [yak (12)]
 26206 | Lair:5   | HP: 1/125 [yak (4)]
 26207 | Lair:5   | Mangled by a komodo dragon

Illustrated notes

Levels and vault maps discovered:
D:1:      lemuel_arrival_muddy, layout_loops_ring, shapermc_ecumenical_altar_gd,
          serial_glass, glass_columns_a, glass_columns_b, glass_columns_c,
          glass_columns_b, glass_columns_b, glass_columns_a, glass_columns_b,
          glass_columns_a, item_on_display_a
D:2:      minmay_general_purpose_star, layout_loops_cross
D:3:      layout_loops_ring, lemuel_crystal_altar, lemuel_tele_altar,
          gammafunk_temple_overflow_pools, uniq_ijyb, uniq_jessica, uniq_terence
D:4:      layout_loops_corners, gammafunk_ghost_mausoleum, serial_shops, shop,
          portal_sewer_entry_a, minmay_surrounded, uniq_grinder,
          uniq_crazy_yiuf_cottage, uniq_menkaure
D:5:      layout_gridville
D:6:      layout_cave_pools, minmay_temple_entry_ruins,
          gammafunk_ghost_nasty_kobolds, serial_bayou_pond_b
D:7:      minmay_skewed_foursquare, layout_layer_cave, serial_shops,
          nicolae_inconvenience_store, minmay_increasing_density
D:8:      layout_layer_cave, uniq_psyche
D:9:      layout_irregular_city, gammafunk_ghost_necromancy, minmay_door_square,
          minmay_librarian, uniq_harold
D:10:     layout_cave_pools, lair_entry_dummy, serial_shops,
          kennysheep_mini_moat, nicolae_looking_at_the_future
Temple:   dpeg_five_rooms_temple
Lair:1:   layout_loops_ring, beast_lair_carwin_7, uniq_joseph
Lair:2:   layout_chaotic_city, nicolae_swamp_entry_splash_gauntlet,
          grunt_megastairs_5, serial_bayou_shore_b, serial_bayou_shore_a,
          uniq_prince_ribbit2, uniq_maggie
Lair:3:   layout_roguey, minmay_snake_entry_guardpost_small, minmay_hedge_maze,
          minivault_26, minmay_lair_oklob_bushes
Lair:4:   beast_lair_carwin_large_4, layout_gridlike,
          minmay_slime_entry_oklob_open, lemuel_fruit_fields, uniq_sonja,
          uniq_josephine
Lair:5:   gammafunk_lair_ancient_temple, layout_regular_city,
          hellmonk_guarded_unrand_seven_league_boots, lemuel_fruit_tree

Skill      XL: |  1  2  3  4  5  6  7  8  9 10 11 12 13 |
---------------+----------------------------------------+-----
Armour         | 4 5 6 8 10 12 14 16 18 | 18.4
Fighting       | 4 5 6 8 9 11 13 14 | 14.8
Long Blades    | 3 4 |  4.2
Dodging        | 1 2 3 4 5 |  5.1
Polearms       | 1 4 6 8 10 | 10.0
Shields        | 4 5 6 7 9 10 | 10.0
Stealth        | 1 3 |  3.5
Evocations     | 1 |  1.4
Throwing       | 1 |  1.2
Unarmed Combat | |  0.6

Action                   |  1- 3 |  4- 6 |  7- 9 | 10-12 | 13-15 || total
-------------------------+-------+-------+-------+-------+-------++-------
Melee: Long sword        |    55 |       |       |       |       ||    55
       Headbutt          |     5 |     7 |    27 |   129 |    71 ||   239
       Spear             |    27 |    99 |   287 |   658 |   267 ||  1338
       Unarmed           |    17 |       |       |       |       ||    17
Throw: Throwing net      |       |       |       |     5 |       ||     5
Evoke: Wand              |       |       |       |     3 |       ||     3
  Use: Scroll            |       |     4 |     8 |     9 |     3 ||    24
       Potion            |       |     1 |     2 |    15 |     8 ||    26
 Stab: Held in net/web   |       |       |       |     1 |       ||     1
Armor: Scale mail        |    21 |       |       |       |       ||    21
       Plate armour      |    25 |    32 |   205 |   391 |   158 ||   811
       Skin              |     5 |       |       |       |       ||     5
Dodge: Dodged            |    53 |    17 |    78 |   301 |   131 ||   580
Block: Buckler           |    23 |    12 |    56 |   164 |    84 ||   339
